 Dungeon Crawl Stone Soup version 0.31-a0-986-g5e6e4ef867 (webtiles) character file.

Game seed: 13873272188192681371

411 javelincjr the Changeling (level 6, -5/70 HPs)
             Began as a Draconian Shapeshifter on Nov 8, 2023.
             Succumbed to an adder's poison
             ... on level 4 of the Dungeon.
             The game lasted 00:09:06 (3012 turns).

javelincjr the Changeling (Draconian Shapeshifter)  Turns: 3012, Time: 00:09:07

Health: -5/70      AC: 23    Str: 18    XL:     6   Next: 58%
Magic:  6/6        EV:  2    Int: 11    God:
Gold:   113        SH:  0    Dex: 10    Spells: 5/5 levels left

rFire   . . .        o - +0 whip (pain)
rCold   . . .        (no shield)
rNeg    . . .        (body armour unavailable)
rPois   +            (helmet currently unavailable)
rElec   .            (cloak currently unavailable)
rCorr   .            (gloves currently unavailable)
SInv    .            r - melded +0 pair of boots
Will    .....        (no amulet)
Stlth   +            d - ring of wizardry
HPRegen 0.31/turn    (no ring)
MPRegen 0.10/turn

%: wizardry (x1)
@: brilliant, lethally poisoned (-5 -> -30), tree-form
A: stationary, stasis, torment immunity, boosted hp, AC +6, unfitting armour,
(cold-blooded)
a: no special abilities


You were on level 4 of the Dungeon.
You were a tree.
You visited 1 branch of the dungeon, and saw 4 of its levels.

You collected 113 gold pieces.

Inventory:

Hand Weapons
 o - a +0 whip of pain (weapon)
Missiles
 e - 2 boomerangs
 h - 28 stones
 i - 11 poisoned darts (quivered)
Armour
 r - a +0 pair of boots (melded)
 x - a +0 helmet
Jewellery
 d - a ring of wizardry (left branch)
Talismans
 b - a beast talisman
 c - a flux talisman (active)
 w - a blade talisman
Scrolls
 f - a scroll of vulnerability {unknown}
 g - 2 scrolls of amnesia {unknown}
 j - a scroll of enchant weapon {unknown}
 k - a scroll of blinking {unknown}
 l - a scroll of fog {unknown}
 m - a scroll of noise {unknown}
 n - 3 scrolls of identify {unknown}
 p - a scroll of enchant armour {unknown}
 q - 2 scrolls of teleportation {unknown}
 t - a scroll of silence {unknown}
 u - 2 scrolls of poison {unknown}
 v - a scroll of immolation {unknown}
Potions
 a - a potion of lignification
 s - a potion of brilliance


   Skills:
 - Level 1.1 Fighting
 - Level 2.2 Dodging
 - Level 3.0 Unarmed Combat
 * Level 6.8 Shapeshifting


You had 5 spell levels left.
You didn't know any spells.
Your spell library contained the following spells:

 Spells                   Type           Power      Damage    Failure   Level
 Freeze                   Ice            0%         1d3       14%         1
 Kiss of Death            Conj/Necr      0%         2d5       14%         1
 Sublimation of Blood     Necr           0%         N/A       21%         2
 Confusing Touch          Hex            0%         N/A       38%         3
 Frozen Ramparts          Ice            0%         1d1       38%         3
 Hailstorm                Conj/Ice       0%         3d3       38%         3
 Volatile Blastmotes      Fire/Tloc      0%         2d10      38%         3
 Dispel Undead            Necr           0%         3d6       77%         4
 Fulminant Prism          Conj/Hex       0%         3d5       77%         4
 Iskenderun's Mystic Bla  Conj/Tloc      0%         2d3       77%         4
 Petrify                  Tmut/Erth      0%         N/A       77%         4
 Irradiate                Conj/Tmut      0%         3d11      98%         5


Dungeon Overview and Level Annotations

Branches:
Dungeon (4/15)
 Temple: D:4-7

Altars:
Ashenzari
Kikubaaqudgha
Vehumet

Shops:
D:2 !   D:4 :

Annotations:
D:4 Duvessa


Innate Abilities, Weirdness & Mutations

You are a tree.
Your roots penetrate the ground, keeping you stationary.
You cannot be teleported.
You are immune to unholy pain and torment.
Your maximum health is greatly increased.
Your equipment is partially melded.
((Your plain brown scales are hard. (AC +6)))
You cannot fit into any form of body armour.
((You are cold-blooded and may be slowed by cold attacks.))


Message History

The orc priest shouts!
The orc priest looks encouraged for a moment.
The orc priest moves out of view.
You completely miss something. Something hits you but does no damage.
An orc comes into view. It is wielding a +0 war axe.
The orc priest barely misses you.
You hit the orc priest.
The orc priest shudders as magic cascades through it!
You kill the orc priest!
Something hits you but does no damage.
You are poisoned.
An orc comes into view. It is wielding a +0 dagger.
Something hits you but does no damage.
The orc priest invokes the aid of Beogh against you.
Beogh smites you! The adder closely misses you.
The orc shouts!
You feel sick. Something hits you.
* * * LOW HITPOINT WARNING * * *
You are lethally poisoned!
It was a potion of brilliance.
You feel clever all of a sudden.
You feel less confused.
* * * LOW HITPOINT WARNING * * *
You feel very sick. The adder bites you but does no damage. Something hits you.
* * * LOW HITPOINT WARNING * * *
You are more poisoned.
You hear some strange, mumbled words.
A magic dart appears from out of thin air!
The magic dart hits you.
* * * LOW HITPOINT WARNING * * *
The adder bites you.
* * * LOW HITPOINT WARNING * * *
You are more poisoned.
The adder poisons you!
Your transformation has ended.
Your +0 whip of pain unmelds from your body.
You have a feeling of ineptitude.
You turn into a tree.
Your +0 pair of boots melds into your body.
Your roots penetrate the ground.
You die...

### .. .# ##.## . #
##...## .. ###.
##########.....#... ....
#...........<..oo..
##.#.#.# #){.S..#.# #
#.#.##### #)#♣.o##.# #
#.......# #.##### .# .
###.###.# #.# .# # #)# #.#
#.# ##.# ## ##)###.###.#
##..#
.####..........####...####
.'.................{.....+
.##.....##.##.###.......##
##.........##.# #.##....#


You could see an orc priest, an adder and 2 orcs.

Vanquished Creatures
  A water moccasin (D:4)
  Dowan (D:4)
  An orc priest (D:4)
  A sleepcap (D:4)
  2 orc wizards
  Robin (D:4)
  4 adders
  2 worms
  3 dart slugs
  14 orcs
  6 ball pythons
  4 bats
  4 endoplasms
  13 goblins
  13 hobgoblins
  3 quokkas
  3 frilled lizards
  6 kobolds
82 creatures vanquished.

Notes
Turn   | Place    | Note
-------+----------+-------------------------------------------
     0 | D:1      | javelincjr the Draconian Shapeshifter began the quest for
                  | the Orb.
     0 | D:1      | Reached XP level 1. HP: 16/16 MP: 1/1
   258 | D:1      | Reached XP level 2. HP: 23/23 MP: 2/2
   782 | D:2      | Found Udox's Distillery.
   893 | D:2      | Reached XP level 3. HP: 18/28 MP: 3/3
  1025 | D:2      | Reached skill level 4 in Shapeshifting
  1330 | D:2      | Reached XP level 4. HP: 33/35 MP: 4/4
  1771 | D:3      | Found a radiant altar of Vehumet.
  2055 | D:3      | Found an ancient bone altar of Kikubaaqudgha.
  2134 | D:3      | Reached skill level 5 in Shapeshifting
  2223 | D:3      | Found a broken altar of Ashenzari.
  2314 | D:4      | Noticed a water moccasin
  2324 | D:4      | Killed a water moccasin
  2325 | D:4      | Reached XP level 5. HP: 31/40 MP: 5/5
  2366 | D:4      | Found Junotim's Book Shop.
  2397 | D:4      | Reached skill level 6 in Shapeshifting
  2560 | D:4      | Noticed Robin
  2609 | D:4      | Killed Robin
  2610 | D:4      | Reached XP level 6. HP: 12/47 MP: 6/6
  2743 | D:4      | Noticed Dowan
  2759 | D:4      | Killed Dowan
  2913 | D:4      | Noticed Duvessa
  3011 | D:4      | HP: 2/46 [something/magic dart (3)]
  3012 | D:4      | Succumbed to an adder's poison

Illustrated notes

Levels and vault maps discovered:
D:1:      dpeg_arrival_tiny_h, layout_loops_cross
D:2:      layout_rooms, serial_rivers, chequers_serial_rivers_room_b,
          chequers_serial_rivers_micro_b, chequers_serial_rivers_micro_b,
          chequers_serial_rivers_small_3, chequers_serial_rivers_room_a,
          chequers_serial_rivers_room_a, serial_shops, shop, minmay_pentomino_x2
D:3:      layout_basic, nicolae_vehumet_radiance, mainiacjoe_overflow_swirl
D:4:      layout_loops_corners, lemuel_round_altar, serial_shops, shop,
          uniq_menkaure, uniq_robin, uniq_duvessa

Skill      XL: |  1  2  3  4  5 |
---------------+----------------+-----
Dodging        | 2 |  2.2
Shapeshifting  | 4 5 6 |  6.8
Fighting       | |  1.1
Unarmed Combat | |  3.0

Action                     |  1- 3 |  4- 6 || total
---------------------------+-------+-------++-------
  Melee: Unarmed           |    96 |    91 ||   187
         Tailslap          |    13 |    14 ||    27
         Punch             |     3 |     3 ||     6
         Whip              |    20 |    65 ||    85
  Throw: Dart              |     7 |     2 ||     9
    Use: Potion            |       |     3 ||     3
   Stab: Sleeping          |     1 |     2 ||     3
 Armour: Skin              |    59 |    99 ||   158
  Dodge: Dodged            |    64 |    94 ||   158
   Form: Flux              |       |     1 ||     1

Table legend: (Time is in decaauts)
 A = Elapsed time spent in this place.
 B = Non-inter-level travel time spent in this place.
 C = Inter-level travel time spent in this place.
 D = Time resting spent in this place.
 E = Time spent auto-exploring this place.
 F = Levels seen in this place.
 G = Mean time per level.
                   A        B        C        D        E       F      G
               +--------+--------+--------+--------+--------+-----+--------+
         Total |   3013 |   2917 |     96 |    160 |   2113 |   4 |  753.2 |
       Dungeon |   3013 |   2917 |     96 |    160 |   2113 |   4 |  753.2 |
               +--------+--------+--------+--------+--------+-----+--------+

Top non-repeatable levels by time:
     D:2: 815 daAuts
     D:3: 754 daAuts
     D:4: 739 daAuts
     D:1: 703 daAuts
